Map: Cosmic Sapphire

Players

LiquidElazer (Elazer) - Winner!

  • Race: Zerg Zerg
  • League: Master
  • Spawn Location: 11:00

MaxPax

  • Race: Protoss Protoss
  • League: Grandmaster
  • Spawn Location: 5:00

VOD

Have the link to the VOD?

Description

Time

  • Played on: Oct. 19, 2022, 12:49 p.m.
  • Length: 9:27
Show
View Real Time Build Order
Export as new Build Order

LiquidElazer Zerg - Winner!

Build Orders: Hatch First 

Get SALT Encoding   

  12  0:00  Drone  
  13  0:12  Overlord  
  13  0:17  Drone  
  14  0:30  Drone x2  
  16  0:48  Hatchery  
  15  0:51  Drone  
  15  0:54  Drone  
  17  0:57  Drone  
  18  1:08  Extractor  
  17  1:13  Spawning Pool  
  17  1:17  Drone  
  17  1:20  Drone  
  18  1:28  Drone  
  19  1:38  Drone  
  20  1:50  Overlord  
  20  1:59  Queen  
  20  2:00  Queen  
  20  2:01  Zergling x2, Drone  
  26  2:11  Drone x2  
  26  2:13  Metabolic Boost  
  28  2:21  Zergling x2  
  28  2:22  Drone  
  30  2:31  Drone  
  30  2:33  Drone  
  30  2:36  Queen  
  34  2:47  Zergling x2  
  34  2:51  Hatchery  
  34  2:57  Overlord  
  34  2:59  Queen  
  34  3:05  Overlord  
  36  3:15  Drone x2  
  36  3:16  Drone x3  
  41  3:23  Queen  
  41  3:25  Drone  
  44  3:27  Drone x2  
  44  3:28  Drone  
  47  3:35  Queen  
  47  3:37  Drone  
  47  3:40  Drone  
  51  3:48  Drone  
  51  3:49  Overlord  
  52  4:05  Spore Crawler  
  52  4:06  Drone x5  
  52  4:07  Queen  
  57  4:14  Drone x4  
  59  4:23  Spore Crawler x2  
  56  4:26  Drone x5  
  56  4:28  Queen  
  56  4:30  Drone x2  
  67  4:37  Overlord  
  67  4:49  Drone  
  67  4:52  Drone x3, Hatchery  
  66  4:58  Drone x7  
  73  5:03  Drone, Overlord  
  73  5:05  Lair  
  73  5:06  Extractor  
  73  5:07  Evolution Chamber  
  73  5:08  Drone x2  
  73  5:10  Overlord  
  73  5:13  Extractor  
  73  5:14  Drone  
  74  5:17  Overlord, Extractor  
  74  5:20  Drone  
  74  5:21  Overlord  
  74  5:23  Drone x3  
  74  5:26  Overlord  
  77  5:28  Drone x3  
  79  5:38  Zerg Melee Weapons Level 1  
  79  5:40  Zergling x10  
  84  5:44  Zergling x2, Hatchery, Overlord  
  84  5:52  Zergling x6  
  87  5:57  Zergling x10  
  87  5:58  Baneling Nest, Roach Warren  
  87  6:01  Zergling x6  
  93  6:08  Zergling x10  
  98  6:17  Zergling x6  
  100  6:26  Zergling x16  
  107  6:34  Zergling x2  
  107  6:35  Zergling x10  
  107  6:38  Overlord  
  113  6:41  Glial Reconstitution, Centrifugal Hooks  
  113  6:43  Zergling x6  
  116  6:48  Baneling  
  116  6:49  Baneling x8  
  116  6:50  Zergling x8  
  120  6:54  Overlord x3  
  120  7:03  Roach x6  
  120  7:05  Overlord  
  120  7:06  Drone  
  120  7:07  Drone  
  132  7:09  Drone x2  
  132  7:10  Drone  
  132  7:11  Drone  
  132  7:15  Drone x3  
  125  7:27  Roach x7  
  137  7:34  Roach x5  
  147  7:40  Roach x3, Ravager  
  154  7:45  Roach x3  
  160  7:52  Drone x4  
  160  7:53  Roach x3  
  169  8:00  Zergling x8  
  169  8:03  Zergling x8  
  172  8:07  Zergling x6  
  172  8:11  Zergling x8  
  172  8:15  Overlord x2  
  172  8:21  Baneling x18  
  172  8:23  Baneling  
  172  8:25  Baneling  
  172  8:27  Baneling, Overlord  
  172  8:28  Overlord  
  172  8:30  Zergling x4  
  174  8:48  Zergling x42  
  172  8:55  Zergling x12  
  165  9:00  Zergling x16  
  165  9:01  Zergling x2  
  166  9:07  Zergling x8  
Show
View Real Time Build Order
Export as new Build Order

MaxPax Protoss 

Build Orders: 1 Gate Expand, Oracle Opening, Zealot Archon 

Get SALT Encoding   

  12  0:00  Probe  
  13  0:12  Probe  
  14  0:19  Pylon  
  14  0:24  Probe  
  15  0:37  Probe (Chrono Boost)  
  15  0:40  Gateway  
  16  0:47  Probe (Chrono Boost)  
  17  0:50  Assimilator  
  17  0:52  Probe (Chrono Boost)  
  18  1:04  Probe  
  19  1:16  Probe  
  20  1:26  Nexus  
  20  1:36  Cybernetics Core  
  20  1:38  Probe  
  21  1:45  Assimilator  
  21  1:50  Probe  
  21  1:53  Pylon  
  22  2:04  Probe  
  23  2:09  Adept (Chrono Boost)  
  25  2:16  Probe  
  26  2:24  Pylon  
  26  2:27  Stargate  
  26  2:29  Adept (Chrono Boost), Probe  
  29  2:41  Probe  
  29  2:42  Probe, Pylon  
  31  2:47  Warp Gate  
  31  2:55  Probe x2 (Chrono Boost)  
  33  3:01  Adept  
  37  3:07  Probe (Chrono Boost)  
  37  3:10  Oracle (Chrono Boost), Probe (Chrono Boost)  
  37  3:12  Probe (Chrono Boost)  
  37  3:17  Probe  
  37  3:18  Pylon  
  42  3:21  Probe  
  42  3:26  Pylon  
  43  3:29  Probe  
  43  3:33  Probe  
  45  3:37  Oracle (Chrono Boost)  
  48  3:41  Probe  
  48  3:45  Probe  
  50  3:50  Nexus  
  50  3:55  Pylon  
  50  3:56  Probe  
  50  3:58  Probe  
  52  4:08  Probe  
  53  4:11  Probe  
  52  4:20  Probe  
  52  4:23  Probe  
  52  4:28  Assimilator  
  52  4:29  Twilight Council  
  52  4:32  Gateway x2  
  52  4:33  Assimilator  
  52  4:34  Probe (Chrono Boost)  
  52  4:35  Probe (Chrono Boost)  
  52  4:37  Stalker  
  52  4:38  Shield Battery  
  58  4:47  Probe (Chrono Boost)  
  58  4:50  Probe (Chrono Boost)  
  58  4:52  Probe (Chrono Boost)  
  58  4:57  Probe (Chrono Boost)  
  60  5:00  Forge  
  60  5:02  Stalker  
  60  5:03  Probe (Chrono Boost), Blink (Chrono Boost)  
  60  5:06  Probe (Chrono Boost)  
  64  5:09  Probe (Chrono Boost)  
  64  5:11  Pylon  
  64  5:12  Probe (Chrono Boost)  
  67  5:14  Oracle (Chrono Boost), Probe (Chrono Boost)  
  67  5:15  Probe (Chrono Boost)  
  67  5:17  Probe (Chrono Boost)  
  67  5:18  Pylon  
  72  5:23  Probe  
  72  5:25  Probe  
  72  5:26  Pylon  
  74  5:29  Probe  
  74  5:30  Stalker x2  
  74  5:32  Stalker  
  74  5:35  Protoss Ground Weapons Level 1, Probe  
  82  5:37  Probe  
  82  5:41  Probe  
  84  5:45  Assimilator  
  84  5:47  Probe  
  84  5:49  Assimilator  
  86  5:50  Probe  
  86  5:53  Templar Archives, Probe  
  87  5:59  Probe, Pylon  
  87  6:02  Gateway  
  87  6:03  Probe  
  89  6:06  Gateway  
  89  6:08  Stalker x3  
  95  6:14  Gateway  
  95  6:18  Probe  
  96  6:20  Probe  
  97  6:30  Pylon  
  97  6:31  Pylon  
  97  6:32  Pylon  
  97  6:33  Stalker x2  
  97  6:34  Stalker  
  101  6:42  Shield Battery, Nexus  
  101  6:44  Pylon  
  101  6:47  Probe x2  
  103  6:55  Photon Cannon, Probe  
  103  6:59  Gateway  
  103  7:00  Gateway  
  104  7:01  High Templar x3  
  104  7:02  High Templar  
  104  7:04  Probe  
  104  7:06  Archon  
  104  7:07  Shield Battery, Archon, Photon Cannon  
  114  7:08  Probe, Pylon  
  114  7:09  High Templar  
  114  7:10  High Templar  
  114  7:15  Archon  
  118  7:16  Photon Cannon, Pylon  
  118  7:19  Probe (Chrono Boost)  
  118  7:21  Probe (Chrono Boost)  
  110  7:24  Probe (Chrono Boost)  
  104  7:31  Probe (Chrono Boost), Pylon  
  104  7:33  Probe (Chrono Boost)  
  104  7:34  Pylon  
  104  7:35  Probe (Chrono Boost)  
  107  7:37  High Templar x2  
  107  7:38  Probe (Chrono Boost)  
  107  7:39  Probe (Chrono Boost)  
  107  7:40  Probe (Chrono Boost), Pylon  
  107  7:42  Archon  
  114  7:44  Charge  
  114  7:45  Probe  
  114  7:47  Psionic Storm  
  114  7:48  Probe  
  114  7:50  Probe  
  117  7:55  Probe, Assimilator  
  117  7:56  Assimilator  
  117  7:57  Probe  
  119  8:00  Probe  
  119  8:02  Probe  
  119  8:03  Zealot  
  119  8:04  Zealot x2  
  127  8:07  Probe  
  124  8:14  Probe  
  124  8:17  Probe x2  
  124  8:19  Probe, High Templar x2  
  132  8:23  Photon Cannon  
  132  8:24  High Templar, Pylon  
  132  8:26  Probe  
  133  8:31  Probe  
  133  8:32  Photon Cannon  
  134  8:34  Pylon  
  134  8:35  Probe  
  134  8:36  Probe  
  134  8:40  High Templar  
  138  8:42  Probe  
  138  8:47  Probe  
  138  8:48  Archon x2  
  136  8:49  Stalker x3  
  136  8:52  Stalker  
  105  9:02  Stalker x4  
  102  9:04  Probe  
  102  9:07  Probe  
  97  9:11  Probe x2  
  97  9:13  Stalker x3  
  96  9:17  Stalker  
Tags
 
Add a new tag
Caveats
  • Supply blocks, unpowered buildings, or Contaminate may cause inaccurate times.
  • Supply counts are checked every 10 seconds.